 Dungeon Crawl Stone Soup version 0.25-a0-865-gd392131cc7 (webtiles) character file.

Game seed: 13828122014297104180, levelgen mode: deterministic

35 KiliKikkendorf the Chopper (level 3, -4/30 HPs)
             Began as a Hill Orc Gladiator on Apr 30, 2020.
             Slain by Natasha (7 damage)
             ... on level 2 of the Dungeon.
             The game lasted 00:02:55 (753 turns).

KiliKikkendorf the Chopper (Hill Orc Gladiator)      Turns: 753, Time: 00:02:56

Health: -4/30      AC:  4    Str: 17    XL:     3   Next: 35%
Magic:  3/3        EV: 12    Int:  8    God:
Gold:   51         SH:  0    Dex: 12    Spells: 2/2 levels left

rFire    . . .     SeeInvis .   a - +0 war axe
rCold    . . .     Gourm    .   (no shield)
rNeg     . . .     Faith    .   b - +0 leather armour
rPois    .         Spirit   .   c - +0 helmet
rElec    .         Reflect  .   (no cloak)
rCorr    .         Harm     .   (no gloves)
MR       .....                  (no boots)
Stlth    +.........             (no amulet)
HPRegen  0.10/turn              (no ring)
MPRegen  0.08/turn              (no ring)

@: about to teleport
A: no striking features
a: no special abilities


You were on level 2 of the Dungeon.
You were not hungry.

You visited 1 branch of the dungeon, and saw 2 of its levels.

You collected 51 gold pieces.

Inventory:

Hand Weapons
 a - a +0 war axe (weapon)
Missiles
 d - 3 throwing nets (quivered)
Armour
 b - a +0 leather armour (worn)
 c - a +0 helmet (worn)
Jewellery
 g - an uncursed amulet of faith {unknown}
Potions
 e - a potion of curing {unknown}
Comestibles
 f - 2 rations


   Skills:
 + Level 2.6 Fighting
 + Level 5.0 Axes
 + Level 1.9 Throwing
 + Level 0.3 Armour
 + Level 2.7 Dodging


You had 2 spell levels left.
You didn't know any spells.
Your spell library was empty.

Dungeon Overview and Level Annotations

Branches:
Dungeon (1/15)

Altars:

Annotations:
D:2 Natasha, Sigmund


Message History

You kill the hobgoblin!
The kobold hits you but does no damage. Something hits you!
You slash the kobold!
You kill the kobold!
Natasha, Servant of Life and Death comes into view.
Natasha hisses angrily.
Natasha mumbles some strange words.
As you read the scroll of teleportation, it crumbles to dust.
You feel strangely unstable. The frilled lizard barely misses you.
You closely miss Natasha. You closely miss the frilled lizard.
Something hits you.
The frilled lizard bites you but does no damage.
Natasha barely misses you. The frilled lizard barely misses you.
You hit Natasha.
Natasha is moderately wounded.
You barely miss the frilled lizard. Natasha barely misses you.
Something hits you!
* * * LOW HITPOINT WARNING * * *
The frilled lizard barely misses you. Natasha claws you!
You die...

##......(.#
.......($(#
........(.#
....####K##
....
#g##### ...
#.##..
#.##5#
#####K##h#
#....g{l@#
#.....####
#.....#
#######


You could see Natasha, a shadow imp, a goblin, a kobold and a frilled lizard.

Vanquished Creatures
  An ooze (D:1)
  A dart slug (D:1)
  2 leopard geckos (D:1)
  5 bats (D:1)
  A giant cockroach (D:1)
  5 hobgoblins
  A ball python (D:2)
  3 frilled lizards (D:1)
  2 goblins (D:1)
  3 kobolds
  6 rats (D:1)
30 creatures vanquished.

Notes
Turn   | Place    | Note
-------+----------+-------------------------------------------
     0 | D:1      | KiliKikkendorf the Hill Orc Gladiator began the quest for
                  | the Orb.
     0 | D:1      | Reached XP level 1. HP: 18/18 MP: 1/1
    72 | D:1      | Reached XP level 2. HP: 20/25 MP: 2/2
   397 | D:1      | Reached XP level 3. HP: 14/30 MP: 3/3
   729 | D:1      | You fall into a shaft and drop 1 floor!
   729 | D:2      | Noticed Sigmund
   738 | D:2      | Reached skill level 5 in Axes
   749 | D:2      | Noticed Natasha
   753 | D:2      | Slain by Natasha

Levels and vault maps discovered:
D:1:      dpeg_arrival_arbitrary_b, layout_basic, hex_intersection,
          minmay_ruptured
D:2:      layout_basic, uniq_natasha, uniq_sigmund

Skill      XL: |  1  2  3 |
---------------+----------+-----
Axes           | 5 |  5.0
Fighting       | |  2.6
Throwing       | |  1.9
Armour         | |  0.3
Dodging        | |  2.7

Action                   || total
-------------------------++-------
Melee: War axe           ||    84
  Use: Scroll            ||     2
Armor: Leather armour    ||    49
Dodge: Dodged            ||    77

Table legend:
 A = Non-vault XP
 B = Vault XP
 C = Vault XP percentage of total XP
 D = Non-vault monster count
 E = Vault monster count
 F = Vault count percentage of total count
                 A         B        C        D         E       F
            +---------+---------+-------+---------+---------+-------
      Total |      36 |      15 |  29.4 |      25 |       5 |  16.7
            +---------+---------+-------+---------+---------+-------
        D:1 |      32 |      15 |  31.9 |      22 |       5 |  18.5
        D:2 |       4 |       0 |   0.0 |       3 |       0 |   0.0
            +---------+---------+-------+---------+---------+-------
